 Dungeon Crawl Stone Soup version 0.21.1-1-g345015f (webtiles) character file.

15 tidbits the Grave Robber (level 2, -2/20 HPs)
             Began as a Gnoll Necromancer on June 18, 2018.
             Slain by an adder (3 damage)
             ... on level 2 of the Dungeon.
             The game lasted 00:02:27 (241 turns).

tidbits the Grave Robber (Gnoll Necromancer)         Turns: 241, Time: 00:02:27

Health: -2/20      AC:  3    Str: 10    XL:     2   Next: 50%
Magic:  2/7        EV: 14    Int: 17    God:
Gold:   32         SH:  0    Dex: 15    Spells: 8/10 levels left

rFire    . . .     SeeInvis .   a - +0 short sword
rCold    . . .     Gourm    .   (no shield)
rNeg     . . .     Faith    .   B - +0 robe
rPois    +         Spirit   .   E - +0 helmet
rElec    .         Reflect  .   (no cloak)
rCorr    .         Harm     .   (no gloves)
MR       .....                  (no boots)
Stlth    +++.......             (no amulet)
HPRegen  0.06/turn              P - ring of poison resistance
MPRegen  0.10/turn              (no ring)

@: no status effects
A: distributed training, fangs 1, strong nose
a: no special abilities


You were on level 2 of the Dungeon.
You were not hungry.

You visited 1 branch of the dungeon, and saw 3 of its levels.

You collected 32 gold pieces.

Inventory:

Hand Weapons
 a - a +0 short sword (weapon)
 f - a +0 spear
Missiles
 d - 18 arrows
Armour
 B - a +0 robe (worn)
 E - a +0 helmet (worn)
Jewellery
 P - a ring of poison resistance (left hand)
   (You found it on level 1 of the Dungeon)
Scrolls
 e - a scroll of identify {unknown}
 h - a scroll of remove curse {unknown}
 i - a scroll of teleportation {unknown}
Potions
 g - a potion of magic {unknown}
 j - a potion of brilliance {unknown}
Books
 b - a book of Necromancy

   Spells                             Type                      Level
   a - Pain                           Necromancy                   1
   b - Animate Skeleton               Necromancy                   1
   c - Vampiric Draining              Necromancy                   3
   d - Regeneration                   Charms/Necromancy            3
   e - Animate Dead                   Necromancy                   4
   f - Borgnjor's Vile Clutch         Necromancy/Earth             5
Comestibles
 c - 2 rations


   Skills:
 + Level 0.4 Fighting
 + Level 0.4 Short Blades
 + Level 0.4 Long Blades
 + Level 0.4 Axes
 + Level 0.4 Maces & Flails
 + Level 0.4 Polearms
 + Level 0.4 Staves
 + Level 0.4 Slings
 + Level 0.4 Bows
 + Level 0.4 Crossbows
 + Level 0.4 Throwing
 + Level 0.4 Armour
 + Level 4.5 Dodging
 + Level 4.1 Stealth
 + Level 0.4 Shields
 + Level 0.4 Unarmed Combat
 + Level 4.9 Spellcasting
 + Level 0.2 Conjurations
 + Level 0.2 Hexes
 + Level 0.2 Charms
 + Level 0.2 Summonings
 + Level 7.0 Necromancy
 + Level 0.2 Translocations
 + Level 0.2 Transmutations
 + Level 0.2 Fire Magic
 + Level 0.2 Ice Magic
 + Level 0.2 Air Magic
 + Level 0.2 Earth Magic
 + Level 0.2 Poison Magic
 + Level 0.5 Invocations
 + Level 0.4 Evocations


You had 8 spell levels left.
You knew the following spells:

 Your Spells              Type           Power        Failure   Level  Hunger
a - Pain                  Necr           ####         1%          1    None
n - Animate Skeleton      Necr           N/A          1%          1    None


Dungeon Overview and Level Annotations

Branches:
Dungeon (3/15)

Altars:
Hepliaklqana


Innate Abilities, Weirdness & Mutations

Your experience applies equally to all skills.
You have very sharp teeth.
Your uncanny sense of smell can sniff out nearby items.


Message History

Casting: Pain
Confirm with . or Enter, or press ? or * to list all spells.
Aiming: Pain
Press: ? - help, Shift-Dir - straight line, f/p - ooze
Aim: an ooze (heavily wounded, chance to defeat MR: 84%)
The ooze writhes in agony!
Casting: Pain
Confirm with . or Enter, or press ? or * to list all spells.
Aiming: Pain
Press: ? - help, Shift-Dir - straight line, f/p - ooze
Aim: an ooze (heavily wounded, chance to defeat MR: 84%)
The ooze barely resists.
Casting: Pain
Confirm with . or Enter, or press ? or * to list all spells.
Aiming: Pain
Press: ? - help, Shift-Dir - straight line, f/p - ooze
Aim: an ooze (heavily wounded, chance to defeat MR: 84%)
The ooze writhes in agony!
You kill the ooze!
Unknown command.
You see here 7 gold pieces.
You now have 32 gold pieces (gained 7).
You see here a scroll labeled UZAASCH SUPLU.
h - a scroll labeled UZAASCH SUPLU
There is a stone staircase leading down here.
You climb downwards.
There is a stone staircase leading up here.
Unknown command.
Found a hazy altar of Hepliaklqana.
There is a stone staircase leading down here.
You climb downwards.
A goblin, 3 orcs and 2 orc priests come into view.
The orc shouts! x3; The orc priest shouts!
The goblin shouts!
The orc priest shouts!
There is a stone staircase leading up here.
You climb upwards.
There is a stone staircase leading down here.
Unknown command.
A dart slug comes into view.
Casting: Pain
Confirm with . or Enter, or press ? or * to list all spells.
Aiming: Pain
Press: ? - help, Shift-Dir - straight line, f - dart slug
Aim: a dart slug (clinging, chance to defeat MR: 93%)
The dart slug writhes in agony!
Casting: Pain
Confirm with . or Enter, or press ? or * to list all spells.
Aiming: Pain
Press: ? - help, Shift-Dir - straight line, f/p - dart slug
Aim: a dart slug (lightly wounded, clinging, chance to defeat MR: 93%)
The dart slug writhes in agony!
The dart slug launches a dart at you. The slug dart hits you!
* * * LOW HITPOINT WARNING * * *
Casting: Pain
Confirm with . or Enter, or press ? or * to list all spells.
Aiming: Pain
Press: ? - help, Shift-Dir - straight line, f/p - dart slug
Aim: a dart slug (severely wounded, clinging, chance to defeat MR: 93%)
The dart slug barely resists.
Casting: Pain
Confirm with . or Enter, or press ? or * to list all spells.
Aiming: Pain
Press: ? - help, Shift-Dir - straight line, f/p - dart slug
Aim: a dart slug (severely wounded, clinging, chance to defeat MR: 93%)
The dart slug writhes in agony!
You kill the dart slug!
Found a scroll labeled TEENUI FUDENOQU.
You see here a dart slug corpse.
You see here a scroll labeled TEENUI FUDENOQU.
i - a scroll labeled TEENUI FUDENOQU
Found a bubbling silvery potion.
Found a stone staircase leading down.
You see here a bubbling silvery potion.
j - a bubbling silvery potion
Found a club.
A hobgoblin comes into view. It is wielding a short sword.
Casting: Pain
Confirm with . or Enter, or press ? or * to list all spells.
Aiming: Pain
Press: ? - help, Shift-Dir - straight line, f - hobgoblin
Aim: a hobgoblin, wielding a short sword (hasn't noticed you, chance to defeat MR: 93%)
The hobgoblin shouts!
The hobgoblin writhes in agony!
You kill the hobgoblin!
An adder comes into view.
The adder bites you but does no damage.
Casting: Pain
Confirm with . or Enter, or press ? or * to list all spells.
Aiming: Pain
Press: ? - help, Shift-Dir - straight line, f - adder
Aim: an adder (chance to defeat MR: 89%)
The adder writhes in agony!
The adder closely misses you.
Casting: Pain
Confirm with . or Enter, or press ? or * to list all spells.
Aiming: Pain
Press: ? - help, Shift-Dir - straight line, f/p - adder
Aim: an adder (severely wounded, chance to defeat MR: 89%)
The adder writhes in agony!
The adder bites you.
You die...

#.#.. .....
#.#.###.....
.....#..... # #........
.# ####......#####.#
######.......#.......##
.....#.##.#..##.##....
.....#.##..#.......#
.....#.##.......@..#
.....#.#####.##.#S.#
.....#.#####.##.#..#
.....#.......##......
.....†..########...###
.....##.# ...# .....#
#.# ...# ....#.# #.#
.).# ######.#.## ...#


You could see an adder.

Vanquished Creatures
  An ooze (D:1)
  A dart slug (D:2)
  2 bats (D:1)
  A hobgoblin (D:2)
  3 kobolds (D:1)
  2 rats
10 creatures vanquished.

Notes
Turn   | Place    | Note
-------+----------+-------------------------------------------
     0 | D:1      | tidbits the Gnoll Necromancer began the quest for the Orb.
     0 | D:1      | Reached XP level 1. HP: 13/13 MP: 6/6
    88 | D:1      | You fall through a shaft!
   131 | D:2      | Reached XP level 2. HP: 7/19 MP: 4/7
   134 | D:2      | Learned a level 1 spell: Animate Skeleton
   180 | D:2      | Found a hazy altar of Hepliaklqana.
   215 | D:2      | HP: 1/20 [dart slug/slug dart (5)]
   241 | D:2      | Slain by an adder

Action                   || total
-------------------------++-------
Melee: Spear             ||    11
       Bite              ||     1
 Cast: Pain              ||    17
Armor: Robe              ||     6
Dodge: Dodged            ||    10

Table legend:
 A = Turns spent in this place as a percentage of turns spent in the entire game.
 B = Non-inter-level travel turns spent in this place as a percentage of non-inter-level travel turns spent in the entire game.
 C = Inter-level travel turns spent in this place as a percentage of turns spent in this place.
 D = Turns resting spent in this place as a percentage of non-inter-level travel turns spent in this place.
 E = Turns spent auto-exploring this place as a percentage of non-inter-level travel turns spent in this place.
 F = Non-inter-level travel turns spent in this place divided by the number of levels of this place that you've seen.
                   A       B       C       D       E      F
               +-------+-------+-------+-------+-------+----------------------
         Total | 100.0 | 100.0 |   0.0 |   0.0 |   0.0 |  80.3
       Dungeon | 100.0 | 100.0 |   0.0 |   0.0 |   0.0 |  80.3
               +-------+-------+-------+-------+-------+----------------------

Table legend:
 A = Kills in this place as a percentage of kills in entire the game.
 B = Kills by you in this place as a percentage of kills by you in the entire game.
 C = Kills by friends in this place as a percentage of kills by friends in the entire game.
 D = Other kills in this place as a percentage of other kills in the entire game.
 E = Experience gained in this place as a percentage of experience gained in the entire game.
 F = Experience gained in this place divided by the number of levels of this place that you have seen.
                   A       B       C       D       E      F
               +-------+-------+-------+-------+-------+----------------------
         Total | 100.0 | 100.0 |   N/A |   N/A | 100.0 |   7.3
       Dungeon | 100.0 | 100.0 |   N/A |   N/A | 100.0 |   7.3
               +-------+-------+-------+-------+-------+----------------------

Vault maps used:
D:1:      onia_arrival_pyramid, grunt_decor_arrowhead
D:2:      lemuel_crystal_altar, first_ration
D:3:      lemuel_crystal_altar
